Map: Galactic Process LE

Players

hellopanda - Winner!

  • Race: Zerg Zerg
  • League: Platinum

Nickos

  • Race: Terran Terran
  • League: Gold

VOD

Have the link to the VOD?

Description

Time

  • Played on: Sept. 3, 2016, 4:09 a.m.
  • Length: 16:27
Show
View Real Time Build Order
Export as new Build Order

hellopanda Zerg - Winner!

Build Orders: Pool First, Zergling Baneling 

Get SALT Encoding   

  12  0:01  Drone  
  13  0:08  Drone  
  14  0:18  Overlord  
  14  0:36  Spawning Pool  
  14  0:38  Drone  
  14  0:41  Extractor  
  13  0:43  Drone  
  13  0:48  Drone  
  15  0:54  Drone  
  16  1:08  Drone  
  17  1:19  Drone  
  18  1:28  Hatchery  
  17  1:37  Queen  
  19  1:45  Metabolic Boost  
  19  1:49  Drone  
  19  1:53  Zergling x2  
  21  2:01  Overlord  
  21  2:05  Drone  
  22  2:22  Drone  
  23  2:27  Zergling x2  
  24  2:30  Queen  
  24  2:33  Drone  
  27  2:42  Drone  
  27  2:43  Queen  
  29  2:52  Drone  
  30  3:02  Baneling Nest  
  30  3:03  Drone  
  30  3:05  Zergling x4  
  32  3:07  Zergling x2  
  32  3:11  Zergling x2  
  34  3:13  Drone  
  34  3:16  Overlord  
  35  3:28  Zergling x2  
  36  3:42  Drone x2  
  36  3:46  Zergling x4  
  40  3:51  Drone  
  41  4:01  Baneling x4  
  41  4:02  Baneling x2  
  41  4:03  Baneling  
  41  4:04  Zergling x2  
  41  4:06  Overlord  
  42  4:16  Overlord  
  42  4:24  Hatchery  
  35  4:41  Zergling x2  
  35  4:44  Baneling  
  36  4:48  Zergling x6  
  36  4:49  Zergling x8  
  42  5:01  Baneling x4  
  42  5:05  Zergling x4  
  42  5:06  Zergling x2  
  45  5:13  Drone x2  
  46  5:24  Baneling  
  46  5:35  Lair  
  44  5:36  Baneling x2  
  44  5:40  Drone x3  
  44  5:41  Drone x3  
  50  5:44  Drone  
  49  6:13  Zergling x12  
  49  6:17  Baneling  
  49  6:18  Baneling  
  54  6:27  Drone x3  
  54  6:28  Overlord x2, Extractor  
  56  6:36  Evolution Chamber  
  56  6:37  Evolution Chamber, Extractor  
  56  6:38  Queen  
  52  7:04  Drone x3  
  55  7:10  Centrifical Hooks  
  55  7:13  Zerg Melee Weapons Level 1  
  55  7:18  Extractor  
  54  7:23  Spore Crawler  
  54  7:25  Spore Crawler, Overlord  
  54  7:26  Overlord  
  52  7:30  Drone x3  
  52  7:31  Drone  
  52  7:36  Overlord x2  
  56  7:43  Drone  
  57  7:47  Zerg Ground Armor Level 1  
  57  7:48  Overlord x2  
  56  8:10  Drone x2  
  58  8:14  Overlord x2  
  58  8:19  Drone  
  59  8:32  Zergling x12  
  59  8:33  Overlord x2  
  65  8:39  Zergling x4  
  65  8:40  Zergling x2  
  57  9:01  Baneling  
  54  9:07  Zergling x2  
  54  9:08  Zergling x8  
  55  9:16  Spawning Pool  
  53  9:17  Zergling x8  
  53  9:18  Zergling x10  
  53  9:19  Zergling x8  
  53  9:20  Hatchery  
  53  9:24  Baneling x3  
  65  9:31  Baneling x6  
  65  9:32  Baneling  
  65  9:36  Zergling x2  
  65  9:37  Zergling x6  
  60  10:05  Baneling  
  60  10:06  Baneling x5  
  60  10:11  Overlord x2  
  60  10:15  Baneling x2  
  60  10:21  Spore Crawler  
  60  10:22  Lair  
  60  10:25  Baneling x5  
  60  10:26  Baneling  
  59  10:28  Extractor  
  59  10:29  Overlord x2  
  59  10:31  Extractor  
  57  10:38  Drone  
  58  10:58  Overlord x2  
  58  11:02  Overlord x2  
  58  11:03  Zergling x10  
  59  11:08  Zergling x6  
  59  11:10  Zergling x2  
  60  11:27  Baneling x5  
  60  11:28  Baneling x6  
  60  11:30  Zergling x10  
  60  11:31  Queen  
  67  11:35  Drone  
  68  11:51  Zergling x2  
  68  11:53  Zerg Melee Weapons Level 2  
  68  11:54  Zerg Ground Armor Level 2  
  69  12:00  Infestation Pit  
  64  12:23  Queen  
  64  12:28  Baneling x2  
  64  12:29  Baneling x5  
  48  12:47  Zergling x10  
  48  12:48  Zergling x12  
  48  12:49  Zergling x2  
  57  12:54  Zergling x4  
  57  12:57  Baneling x4  
  57  12:58  Drone x2  
  61  13:12  Hive  
  61  13:14  Zergling x4  
  61  13:15  Zergling x4  
  65  13:24  Baneling x3  
  65  13:25  Baneling x4  
  65  13:26  Baneling, Overlord x2  
  65  13:27  Zergling x6  
  65  13:28  Baneling x3, Zergling x2  
  65  13:29  Baneling x3  
  65  13:31  Overlord x2  
  69  13:40  Spore Crawler  
  68  13:47  Overseer x2  
  68  13:49  Overlord x2  
  67  14:21  Zergling x6, Overlord  
  67  14:22  Overlord  
  70  14:26  Adrenal Glands  
  70  14:32  Ultralisk Cavern  
  70  14:35  Baneling x2  
  70  14:36  Baneling, Zergling x4  
  70  14:37  Zergling x2  
  66  15:06  Overlord  
  66  15:07  Overlord  
  66  15:11  Extractor  
  66  15:13  Baneling x3  
  62  15:30  Baneling, Drone x2  
  62  15:31  Baneling x3  
  62  15:32  Ultralisk x4  
  80  15:49  Zergling x8  
  81  15:55  Baneling x5  
  81  15:59  Spire  
  81  16:03  Drone x3  
  83  16:04  Extractor  
  83  16:09  Baneling x5  
  83  16:10  Baneling  
Show
View Real Time Build Order
Export as new Build Order

Nickos Terran 

Build Orders:  

Get SALT Encoding   

  12  0:00  SCV  
  13  0:13  SCV  
  14  0:17  Supply Depot  
  14  0:25  SCV  
  15  0:38  SCV  
  15  0:40  Barracks  
  16  0:50  SCV  
  17  1:02  SCV  
  18  1:15  SCV  
  19  1:27  Command Center  
  19  1:29  Orbital Command  
  19  1:32  Marine  
  20  1:50  Marine  
  20  1:51  Barracks  
  21  1:55  Supply Depot  
  21  1:58  SCV  
  22  2:10  SCV  
  23  2:16  Marine  
  23  2:21  Barracks  
  23  2:22  SCV  
  25  2:26  Refinery  
  25  2:27  Refinery  
  25  2:34  SCV, Marine  
  27  2:40  Orbital Command  
  27  2:41  Marine  
  28  2:46  SCV  
  29  2:52  Marine  
  30  2:58  SCV  
  30  3:00  Marine  
  32  3:07  SCV  
  32  3:09  Barracks Tech Lab  
  32  3:10  SCV  
  34  3:17  Barracks  
  34  3:19  SCV  
  35  3:23  SCV  
  35  3:25  Barracks Reactor  
  37  3:28  Stimpack  
  37  3:31  SCV  
  37  3:35  SCV  
  37  3:37  Marine  
  37  3:38  Barracks Reactor  
  39  3:43  SCV  
  39  3:47  SCV  
  41  3:55  SCV, Marine  
  43  3:59  SCV  
  43  4:00  Factory  
  44  4:03  Marine x2  
  44  4:06  Barracks Reactor  
  46  4:19  Bunker  
  46  4:33  SCV, Marine x4  
  46  4:35  SCV  
  45  4:39  Marine  
  45  4:45  SCV  
  46  4:49  SCV  
  46  5:09  Factory Reactor  
  46  5:10  Starport  
  46  5:31  SCV x2, Marine x6  
  46  5:32  Marine  
  46  5:59  Supply Depot x2, Marine  
  46  6:02  Supply Depot, Marine x2  
  46  6:03  Liberator x2  
  46  6:04  Marine  
  46  6:12  SCV  
  46  6:13  Bunker, Marine x2  
  46  6:14  SCV, Marine  
  46  6:16  Marine  
  45  6:20  Widow Mine, Marine  
  45  6:21  Marine  
  45  6:24  SCV  
  56  6:26  SCV  
  56  6:31  Marine  
  56  6:32  Supply Depot x2  
  58  6:34  Supply Depot  
  58  6:36  SCV  
  58  6:38  SCV  
  59  6:50  Supply Depot, Marine  
  59  6:51  Marine x3  
  59  6:52  Marine x3  
  66  7:04  Factory Reactor  
  66  7:06  Refinery  
  66  7:08  Marine x2  
  66  7:09  Marine x3  
  66  7:10  Medivac x2, Marine  
  66  7:11  Marine  
  77  7:26  Marine x3  
  77  7:27  Marine  
  77  7:29  Supply Depot  
  81  7:31  Supply Depot, SCV  
  82  7:40  Medivac  
  82  7:42  SCV  
  82  7:43  SCV  
  86  7:46  Engineering Bay  
  86  7:51  Marine x3  
  86  7:52  Marine  
  86  7:56  Medivac  
  92  8:07  Marine x3  
  92  8:08  Widow Mine  
  92  8:09  Marine  
  92  8:11  Marine  
  92  8:12  Marine  
  94  8:20  Medivac  
  94  8:21  Marine  
  94  8:25  Marine x2  
  99  8:32  Marine x3  
  99  8:33  Marine  
  99  8:34  Medivac  
  103  9:12  Marine x3  
  103  9:13  Marine  
  105  9:17  Marine x3  
  105  9:23  Medivac x2  
  112  9:30  Marine x4  
  107  9:50  Marine x5  
  107  9:51  Marine  
  112  9:53  Medivac x2, Widow Mine  
  112  9:54  Widow Mine  
  95  10:03  Marine  
  91  10:07  Marine  
  91  10:08  Marine x2  
  94  10:15  Terran Infantry Weapons Level 1, Marine  
  95  10:22  Widow Mine  
  95  10:23  Widow Mine  
  99  10:39  Marine  
  99  10:40  Marine x6  
  106  10:45  Supply Depot  
  106  10:48  Orbital Command  
  106  10:57  Marine  
  99  11:09  Marine x4  
  99  11:10  Marine x2  
  105  11:16  Liberator, Marine  
  106  11:27  Marine x5  
  111  11:34  Marine  
  111  11:35  Marine  
  111  11:39  SCV x2  
  118  11:45  Marine x2  
  118  11:46  Marine x3  
  123  11:47  Widow Mine  
  123  11:52  Marine  
  126  12:06  Marine x2  
  126  12:23  Medivac x2, Marine x2  
  116  12:40  Marine x5  
  116  12:41  Marine x2  
  95  12:53  Medivac  
  95  12:57  Marine  
  95  12:58  Marine x5  
  100  12:59  Marine  
  100  13:04  Medivac  
  106  13:15  Marine x2  
  106  13:16  Marine x5  
  113  13:23  Medivac  
  115  13:32  Widow Mine x2  
  115  13:33  Marine x3  
  115  13:34  Marine x4  
  126  14:31  Marine x2  
  126  14:32  Marine x4  
  126  14:33  Marine  
  125  14:39  Medivac  
  123  14:49  Marine x2  
  123  14:50  Marine  
  126  15:36  Marine x3  
  126  15:39  Marine x4  
  96  15:54  Marine x3  
  98  15:57  Marine x4  
Tags
 
Add a new tag
Caveats
  • Supply blocks, unpowered buildings, or Contaminate may cause inaccurate times.
  • Supply counts are checked every 10 seconds.